 BcadrenCrawl: Boulder Brew version 0.06-688-g08e91b2d95 (webtiles) character file.

Game seed: 6909560828323913871

45566 Angani the Fighter (level 14, -4/158 HPs) Green Draconian Demonspawn. Began on Jan 17, 2023. Was a High Priest of Bahamut & Tiamat. Slain by a troll (7 damage) ... led by an orc knight ... on level 8 of the Dungeon. The game lasted 00:58:28 (13395 turns).

Angani the Fighter (Green Draconian Demonspawn)    Turns: 13395, Time: 00:58:29

Health: -4/158     AC:  9    Str: 20    XL:     14 ^: 37780
Magic:  21/21      EV: 15    Int: 20    God:    Bahamut & Tiamat [5* [134]]
Gold:   735        SH: 21    Dex:  7    Spells: 14/15 levels left

rFire    + + +     Slash    .     - Unarmed
rCold    . . .     Pierce   .   q - +4 heater shield
rNeg     . . .     Bludgeon .   (armour unavailable)
rCorr    . . .     Vision   +   (helmet restricted)
rPois    +         Gourm    .   o - scarf {cloud immunity}
rElec    .         Faith    .   (gloves unavailable)
MR       +++..     Spirit   .   (boots unavailable)
HPRegen  0.00/turn Reflect  .   P - amulet "Qarghif" {Acrobat rPois Int+3 +Vis}
MPRegen  0.31/turn Harm     .   S - ring "Leoberi" {rF++ Int+5 Dex-4 Slay+5 Stlth-}
Stlth    ++........             I - ring "Wozat" {rF+ Int+3 Dex-5 Slay+5 Stlth+, (Curse: *Contam)} (curse)

@: lethally poisoned (-4 -> -5), short of breath, quick
A: claws 2, fangs, talons, large bone plates, deformed body 2, fire resistance
1, speed 1, magic resistance, nightstalker 1, inhibited regeneration, STR +3,
INT -5, DEX +2, no potion heal, cold-blooded, boosted long blades aptitude,
boosted crossbows aptitude, boosted dodging aptitude, poison enhancer 2, rPois,
suppression 2, AC +9
a: Breathe Noxious Fumes, Enhanced Breath, Drake Mount, Renounce Religion


You were on level 8 of the Dungeon.
You worshipped Bahamut & Tiamat.
Bahamut & Tiamat was extremely pleased with you.
You were not hungry.

You visited 2 branches of the dungeon, and saw 9 of its levels.
You visited the Abyss 1 time.
You also visited: Gauntlet and Ice Cave.

You collected 792 gold pieces.
You spent 57 gold pieces at shops.

Inventory:

Shields
 q - a +4 heater shield (shield)
Armour
 o - a scarf of cloud immunity (worn)
Magical Staves
 U - the +6 staff "Jaeziwud" {chaos, poison; rPois rF- rN++ Int+9 Stlth+}
   (You found it in a Gauntlet)

   [staff of poison]

   Base accuracy: +5 Base damage: 5 (bludgeon) Base attack delay: 1.2 This
   weapon's minimum attack delay (0.6) is reached at skill level 12.
   This weapon deals bludgeoning damage.
   Spells enhanced by this staff find their maximum damage significantly
   boosted, but their damage type scrambled completely randomly.
   Additionally they have random effects on those damaged by their magic,
   including debilitating hexes and powerful charms.
   It falls into the 'Staves' category.
   It is one handed.
   Its enchantment grants additive spellpower to the spells it enhances.
Jewellery
 k - the ring "Baatooqu" {rF+ rC+ Stlth+}
   (You took it off a kobold on level 2 of the Dungeon)

   [ring of stealth]

   It protects you from fire.
   It protects you from cold.
   It makes you more stealthy.
 I - the cursed ring "Wozat" (right claw) {rF+ Int+3 Dex-5 Slay+5 Stlth+, (Curse: *Contam)}
   (You took it off a yaktaur on level 7 of the Dungeon)

   [ring of slaying]

   It affects your intelligence (+3).
   It affects your dexterity (-5).
   It affects your accuracy and damage with ranged weapons and melee attacks
   (+5).
   It protects you from fire.
   It makes you more stealthy.
   It has a curse placed upon it.
   { (Curse: *Contam)}
 P - the amulet "Qarghif" (around neck) {Acrobat rPois Int+3 +Vis}
   (You took it off a human on level 7 of the Dungeon)

   [amulet of the acrobat]

   It helps you evade while moving and waiting.
   It affects your intelligence (+3).
   It protects you from poison.
   It improves your vision.
 S - the ring "Leoberi" (left claw) {rF++ Int+5 Dex-4 Slay+5 Stlth-}
   (You found it in a Gauntlet)

   [ring of intelligence]

   It affects your intelligence (+5).
   It affects your dexterity (-4).
   It affects your accuracy and damage with ranged weapons and melee attacks
   (+5).
   It greatly protects you from fire.
   It makes you less stealthy.
Wands
 a - a wand of enslavement (3)
 c - a wand of flame (11)
 p - a wand of random effects (4)
 t - a wand of polymorph (14)
 A - a wand of hasting (9)
 L - a wand of iceblast (2)
Scrolls
 e - a scroll of fog
 n - 2 scrolls of magic mapping
 r - a scroll of fear
 N - a scroll of teleportation
 O - a scroll of holy word
 X - a scroll of vulnerability
 Y - a scroll of blinking
Potions
 f - 3 potions of haste
 u - 3 potions of heal wounds
 w - a potion of magic
 x - a potion of amnesia
 z - 3 potions of ambrosia
 D - a potion of curing
 T - a potion of invisibility
Miscellaneous
 Z - a lightning rod (4/4)
Comestibles
 b - 21 rations


   Skills:
 + Level 11.6 Fighting
 - Level 10.2 Dodging
 - Level 1.4 Stealth
 - Level 11.2 Shields
 - Level 10.5 Unarmed Combat
 - Level 1.3 Spellcasting
 - Level 1.6 Fire Magic
 - Level 10.0 Invocations


You had 14 spell levels left.
You knew the following spells:

 Your Spells              Type           Power        Failure   Level  Hunger
a - Flame Tongue          Fire           7 (30)       14%         1    13-33

Your spell library contained the following spells:

 Spells                   Type           Power        Failure   Level  Hunger
 Magic Candle Hex/Fire 4 (90) 21% 1 13-33 Slow Hex 1 (100) 26% 1 13-33 Blink Tloc N/A 38% 2 53-93 Call Imp Summ 1 (100) 38% 2 53-93 Ensorcelled Hibernation Hex/Ice 1 (50) 38% 2 53-93 Conjure Flame Fire 7 (100) 38% 3 93-153 Blinding Spray Hex/Pois 3 (50) 63% 3 93-153 Confuse Hex 1 (100) 63% 3 93-153 Mephitic Cloud Pois/Air 3 (100) 63% 3 93-153 Tukima's Dance Hex 1 (100) 63% 3 93-153 Fulminant Prism Hex 1 (200) 95% 4 173-273 Ice Form Ice/Tmut 1 (100) 95% 4 173-273 Bolt of Cold Ice 1 (200) 100% 6 413-633 Freezing Cloud Ice/Air 1 (200) 100% 6 413-633 Ozocubu's Refrigeration Ice 1 (200) 100% 6 413-633 Simulacrum Ice/Necr 1 (200) 100% 6 413-633 Icicle Cascade Ice            1 (200)      100%        8    653-993


Dungeon Overview and Level Annotations

Branches:
Dungeon (8/8)              Temple (1/1) D:4            Lair (0/6) D:5
    Orc (0/2) D:6          Vaults (0/5) D:7          Depths (0/5) D:8
  IceCv (visited)         Gauntlet (visited)

Altars:
Ashenzari Bahamut & Tiamat
Elyvilon
Fedhas Madash
Gozag Ym Sagoz
Kikubaaqudgha
Okawaru
Ru
Sif Muna
Xom
Beogh

Shops:
D:3 *   D:4 (   D:5 [   D:6 [


Innate Abilities, Weirdness & Mutations

Your lurid green scales are resilient. (AC +9)
You can breathe clouds of noxious fumes.
You have claws for hands. (+6 Unarmed)
Your arms are covered in large bone plates. (SH +8)
You cannot wear any armour on your peculiar form.
You are slightly more attuned to the shadows.
((When hurt, damage is shared between your health and your magic reserves.))
You are cold-blooded and are slowed more easily by cold attacks.
You are naturally skilled at Long Blades (Aptitude +3).
You are naturally skilled at Crossbows (Aptitude +3).
You are naturally skilled at Dodging (Aptitude +3).
You are strongly in touch with the powers of venom.
Your lurid green scales grant you resistance to poison. (rPois)
((Your scales resist being cut, but it's oddly easy to stick a small blade between them. (rSlashing+, rPiercing-)))
You have razor-sharp fangs.
You have razor-sharp talons for feet.
You are heat resistant. (rF+)
You cover ground quickly.
You are highly resistant to hostile enchantments. (MR++)
You do not regenerate when monsters are visible.
You are very strong, extremely stupid and agile. (STR +3, INT -5, DEX +2)
Potions cannot restore your health.
Your magic shield and draconic flesh mutations are suppressed.


Message History

a potion of lignification; 17 gold pieces; an orc corpse You claw the troll (8)!
The troll is moderately wounded. (30/38) HP Unknown command.
You barely miss the troll.
The troll is engulfed in noxious fumes (1).
The troll appears confused.
The troll bites you (4).
* * * LOW HITPOINT WARNING * * *
The troll claws you (3).
* * * LOW HITPOINT WARNING * * *
The troll claws you (6).
* * * LOW HITPOINT WARNING * * *
You claw the troll (9)!
The troll is heavily wounded. (21/38) HP You feel sick. (1) Unknown command.
You scratch the troll (3).
The troll is heavily wounded. (18/38) HP The troll barely misses you.
The troll claws you (7)!
You die...

#.....)##,,,*## *,,*
#......#,,,,,******,,*
#####..#,,,,,*,,,,,^,*
#..##,,,********,*
#...#*,****,** *,,
#.###,,***,,,* *,,
#.#,,,***,,,,***,,
#.#,,**,,,,,,>**,,
#@#*,**,*,,,,***,,
#T#,,,,,**,,,* *,,
#○##,*,,***,** *,,
#○○#######*** *,,
#○○......# *,,
#........# *,,
#....o)..# *,,
#........# *,,
#........# *,,


You could see a troll (confused).

Vanquished Creatures
  A frost giant (IceCv)
  A gwyrdd (Gauntlet)
  An ice dragon (D:8)
  An ogre mage (D:7)
  A great orb of eyes (Gauntlet)
  A minotaur (Gauntlet)
  A deep elf knight (D:8)
  3 unseen horrors
  A vault guard (D:7)
  4 tengu warriors
  6 two-headed ogres
  A fire crab (D:8)
  A lindwurm (D:7)
  An orc knight (D:8)
  2 centaur warriors
  3 wizards
  3 skeletal warriors
  2 manticores
  A deep elf mage (Gauntlet)
  A moth of wrath (Gauntlet)
  A death yak (IceCv)
  3 gargoyles
  An ice statue (Gauntlet)
  2 molten gargoyles (D:3)
  7 ugly things
  A troll (D:5)
  A wolf spider (Gauntlet)
  3 yaktaurs (D:7)
  A meliai (D:6)
  4 rime drakes
  2 nychdodion (Gauntlet)
  A fire giant zombie (Abyss:2)
  A tengu conjurer (D:7)
  15 polar bears (IceCv)
  A wind drake (shapeshifter) (D:8)
  2 hornets (Gauntlet)
  2 wraiths (D:3)
  4 flying skulls (D:3)
  A shadow (D:7)
  4 hippogriffs
  A cyclops (D:8)
  Menkaure (D:2)
  A wyvern (D:5)
  22 humans (D:7)
  8 slime creatures
  22 yaks
  2 tarantellas (shapeshifter) (D:8)
  A hungry ghost (D:7)
  2 redbacks (Gauntlet)
  2 guardian mummies (D:3)
  A bone scorpion (D:7)
  A wolf spider zombie (D:7)
  4 water moccasins (D:2)
  A necrophage (D:5)
  2 orc warriors
  2 phantoms (D:3)
  3 scorpions
  2 porcupines
  6 ice beasts
  2 eyes of draining
  A sky beast (D:4)
  12 wolves (IceCv)
  An ogre (D:4)
  A crocodile (D:2)
  5 big kobolds
  A meliai zombie (D:4)
  A gnoll sergeant (D:5)
  A redback simulacrum (D:8)
  3 centaurs
  A harpy skeleton (D:7)
  A llaibwca (D:3)
  2 jellies (D:2)
  A hornet zombie (D:4)
  4 orc priests
  4 hounds
  12 orc wizards
  5 mummies (D:3)
  3 iguanas
  7 worker ants
  4 wyvern skeletons
  9 giant cockroaches
  5 gnolls (D:5)
  A boggart skeleton (D:7)
  2 cysgobwcod (D:4)
  9 adders
  39 sewer rats (D:2)
  6 oozes
  15 cinder newts
  4 worms (D:2)
  7 bullfrogs
  2 hound zombies (D:3)
  A dart slug (D:1)
  8 leopard geckos
  27 orcs
  An adder skeleton (D:5)
  2 adder zombies
  7 ball pythons
  A cinder newt skeleton (D:2)
  4 goblins (D:1)
  5 hobgoblins (D:1)
  4 jackals (D:2)
  23 kobolds
  2 quokkas (D:4)
  A ball python zombie (D:3)
  5 bats (D:1)
  6 bat skeletons
  A bat zombie (D:3)
  A hobgoblin skeleton (D:2)
  A jackal skeleton (D:3)
  A leopard gecko skeleton (D:2)
  A quokka zombie (D:3)
  8 rats
  A rat skeleton (D:2)
  3 withered plants (D:2)
462 creatures vanquished.

Vanquished Creatures (collateral kills)
  A scorpion (D:3)
1 creature vanquished.

Vanquished Creatures (others)
  A jelly (D:2)
  A sewer rat (D:2)
  A kobold (D:2)
  3 ball pythons (D:2)
  2 bats (D:2)
  A bat skeleton (D:2)
  A rat skeleton (D:2)
  13 giant blowflies
  5 slimeheads (D:2)
  99 withered plants (D:2)
127 creatures vanquished.

Grand Total: 590 creatures vanquished

Notes
Turn   | Place    | Note
-------+----------+-------------------------------------------
     0 | D:1      | Angani the Immature Draconian Demonspawn began the quest
                  | for the Orb.
     0 | D:1      | Reached XP level 1. HP: 29/29 MP: 3/3
    52 | D:1      | Gained mutation: You have sharp fingernails. (+3 Unarmed)
                  | [demonic ancestry]
    52 | D:1      | Reached XP level 2. HP: 19/39 MP: 4/4
   119 | D:1      | Reached XP level 3. HP: 32/49 MP: 5/5
   328 | D:1      | Gained mutation: When hurt, damage is shared between your
                  | health and your magic reserves. [demonic ancestry]
   328 | D:1      | Reached XP level 4. HP: 55/59 MP: 6/6
   754 | D:1      | Gained mutation: You are frail. (-10% HP) [potion of
                  | mutation]
   754 | D:1      | Gained mutation: You have razor-sharp fangs. [potion of
                  | mutation]
   754 | D:1      | Lost mutation: You are frail. (-10% HP) [potion of
                  | mutation]
   843 | D:2      | Reached XP level 5. HP: 60/69 MP: 7/7
   978 | D:2      | Identified the ring "Baatooqu" {rF+ rC+ Stlth+}
   984 | D:2      | Reached XP level 6. HP: 62/79 MP: 5/8
  1012 | D:2      | Noticed a water moccasin
  1019 | D:2      | Killed a water moccasin
  1019 | D:2      | Reached skill level 5 in Fighting
  1176 | D:2      | Your scales start taking on a lurid green colour.
  1176 | D:2      | Reached XP level 7. HP: 89/89 MP: 9/9
  1176 | D:2      | Gained mutation: You are slightly more attuned to the
                  | shadows. [demonic ancestry]
  1176 | D:2      | Gained mutation: Your lurid green scales grant you
                  | resistance to poison. (rPois) [Green Draconian growth]
  1176 | D:2      | Gained mutation: You are strongly in touch with the powers
                  | of venom. [Green Draconian growth]
  1267 | D:2      | Reached skill level 5 in Unarmed Combat
  1797 | D:2      | Gained mutation: You have claws for hands. (+6 Unarmed)
                  | [demonic ancestry]
  1797 | D:2      | Reached XP level 8. HP: 90/99 MP: 8/10
  2064 | D:2      | Noticed Menkaure
  2068 | D:2      | Killed Menkaure
  2273 | D:2      | Found a white marble altar of Elyvilon.
  3017 | D:3      | Found Zakkett's Assorted Antiques.
  3028 | D:3      | Bought a potion of curing for 57 gold pieces
  3110 | D:3      | Found an opulent altar of Gozag.
  3185 | D:3      | Reached XP level 9. HP: 108/108 MP: 11/11
  3667 | D:3      | Noticed a molten gargoyle
  3668 | D:3      | Noticed a molten gargoyle
  3726 | D:3      | Reached skill level 10 in Fighting
  3779 | D:3      | Killed a molten gargoyle
  3970 | D:3      | Killed a molten gargoyle
  4252 | D:3      | Found an ancient bone altar of Kikubaaqudgha.
  4336 | D:3      | Gained mutation: You are naturally skilled at Long Blades
                  | (Aptitude +3). [draconic bloodline]
  4336 | D:3      | Gained mutation: Your arms are covered in large bone
                  | plates. (SH +8) [demonic ancestry]
  4336 | D:3      | Reached XP level 10. HP: 82/118 MP: 10/12
  4856 | D:4      | Found a shimmering altar of Xom.
  4876 | D:4      | Reached skill level 1 in Shields
  5155 | D:4      | Found a staircase to the Ecumenical Temple.
  5188 | Temple   | Entered the Ecumenical Temple
  5194 | Temple   | Became a worshipper of Bahamut & Tiamat
  5383 | D:4      | Found Ongacojorr's Antique Weapon Emporium.
  6037 | D:5      | Entered Level 5 of the Dungeon
  6051 | D:5      | Identified the cursed ring of Abras {*Drain MP+9 AC+5 Str+3
                  | Dex+7, (Curse: rC-)}
  6055 | D:5      | Found Urruikku's Armour Shoppe.
  6070 | D:5      | Reached * piety under Bahamut & Tiamat
  6601 | D:5      | Found a staircase to the Lair.
  6639 | D:5      | Reached ** piety under Bahamut & Tiamat
  6836 | D:5      | Reached XP level 11. HP: 88/128 MP: 10/13
  7032 | D:5      | Noticed a two-headed ogre
  7040 | D:5      | Killed a two-headed ogre
  7040 | D:5      | Reached skill level 10 in Unarmed Combat
  7232 | D:5      | Reached skill level 5 in Dodging
  7334 | D:6      | Found a frozen archway.
  7345 | IceCv    | Entered an ice cave
  7595 | IceCv    | Reached *** piety under Bahamut & Tiamat
  7849 | IceCv    | Reached skill level 5 in Shields
  8172 | IceCv    | Noticed a frost giant
  8185 | IceCv    | Reached skill level 5 in Invocations
  8205 | IceCv    | Killed a frost giant
  8205 | IceCv    | Gained mutation: You are naturally skilled at Dodging
                  | (Aptitude +3). [draconic bloodline]
  8205 | IceCv    | Reached XP level 12. HP: 137/137 MP: 9/16
  8327 | D:6      | Found Yvenkiza's Antique Armour Shop.
  8478 | D:6      | Found a staircase to the Orcish Mines.
  8820 | D:6      | Found a shimmering blue altar of Sif Muna.
  8953 | D:6      | Found a roughly hewn altar of Beogh.
  8966 | D:6      | Reached **** piety under Bahamut & Tiamat
  9207 | D:6      | Gained mutation: Your body often falls apart upon taking
                  | damage. [a gargoyle]
  9241 | D:6      | HP: 2/138 [gargoyle/stone arrow (20)]
  9459 | D:6      | Gained mutation: You cover ground quickly. [potion of
                  | mutation]
  9459 | D:6      | Gained mutation: You are very strong, extremely stupid and
                  | agile. (STR +3, INT -5, DEX +2) [potion of mutation]
  9471 | D:6      | Gained mutation: Potions cannot restore your health.
                  | [potion of mutation]
  9471 | D:6      | Gained mutation: You do not regenerate when monsters are
                  | visible. [potion of mutation]
  9471 | D:6      | Lost mutation: Your body often falls apart upon taking
                  | damage. [potion of mutation]
  9472 | D:6      | Gained mutation: Your magic shield and draconic flesh
                  | mutations are suppressed. [potion of mutation]
  9472 | D:6      | Gained mutation: Your magic shield and draconic flesh
                  | mutations are suppressed. [potion of mutation]
  9472 | D:6      | Gained mutation: You have razor-sharp talons for feet.
                  | [potion of mutation]
 10110 | D:7      | Identified the cursed ring "Wozat" {rF+ Int+3 Dex-5 Slay+5
                  | Stlth+, (Curse: *Contam)}
 10136 | D:7      | Reached skill level 10 in Dodging
 10163 | D:7      | Reached skill level 10 in Invocations
 10472 | D:7      | Found an iron altar of Okawaru.
 10787 | D:7      | Gained mutation: You are strongly in touch with the powers
                  | of venom. [Green Draconian growth]
 10787 | D:7      | Reached XP level 13. HP: 148/148 MP: 20/20
 10814 | D:7      | Cast into level 2 of the Abyss (a wizard)
 10888 | D:7      | Escaped the Abyss
 10998 | D:7      | Found a gate to the Vaults.
 11213 | D:7      | Identified the amulet "Qarghif" {Acrobat rPois Int+3 +Vis}
 11886 | D:6      | Reached ***** piety under Bahamut & Tiamat
 12217 | D:8      | Entered Level 8 of the Dungeon
 12220 | D:8      | Reached skill level 10 in Shields
 12346 | D:8      | Found a gate leading to a gauntlet.
 12361 | Gauntlet | Entered a Gauntlet
 12361 | Gauntlet | Found a transporter.
 12539 | Gauntlet | Identified the ring "Leoberi" {rF++ Int+5 Dex-4 Slay+5
                  | Stlth-}
 12540 | Gauntlet | Found a transporter.
 12541 | Gauntlet | Found a transporter.
 12542 | Gauntlet | Found a transporter.
 12552 | Gauntlet | Found a transporter.
 12553 | Gauntlet | Found a transporter.
 12554 | Gauntlet | Found a transporter.
 12562 | Gauntlet | Found a transporter.
 12565 | Gauntlet | Found a transporter.
 12572 | Gauntlet | Found a transporter.
 12574 | Gauntlet | Found a transporter.
 12577 | Gauntlet | Found a transporter.
 12578 | Gauntlet | Found a transporter.
 12586 | Gauntlet | Found a transporter.
 12594 | Gauntlet | Identified the ring "Uheluxo" {MR- MP+9 Str+3 Int+5 Stlth+}
 12595 | Gauntlet | Noticed a gwyrdd
 12892 | Gauntlet | Gained mutation: You are highly resistant to hostile
                  | enchantments. (MR++) [potion of mutation]
 12892 | Gauntlet | Gained mutation: You are heat resistant. (rF+) [potion of
                  | mutation]
 13003 | Gauntlet | Killed a gwyrdd
 13101 | Gauntlet | Identified the +6 staff "Jaeziwud" {chaos, poison; rPois
                  | rF- rN++ Int+9 Stlth+}
 13363 | D:8      | Gained mutation: You are naturally skilled at Crossbows
                  | (Aptitude +3). [draconic bloodline]
 13363 | D:8      | Reached XP level 14. HP: 41/158 MP: 21/21
 13393 | D:8      | HP: 4/158 [troll[an orc knight] (6)]
 13395 | D:8      | Slain by a troll

Illustrated notes

Levels and vault maps discovered:
D:1:      dpeg_arrival_boxorama, layout_rooms
D:2:      layout_sewer, elyvilon_niche, first_ration, uniq_menkaure
D:3:      ossuary_bcadren_due_volcanic, layout_basic, kennysheep_vampire_church,
          serial_shops, nicolae_shop_overgrown_old_shop, blue_anna_alchemist
          [blue_anna_fruit_fields, blue_anna_fruit_fields], grunt_gozag_statues
D:4:      layout_basic, kennysheep_mini, minmay_temple_entry_mist, serial_shops,
          shop
D:5:      layout_gridville, david_lair_shrubbed, serial_shops,
          nicolae_shop_waterfront, minmay_misc_feat_tiny
D:6:      layout_loops_corners, lemuel_round_altar,
          minmay_orc_entry_temple_small, portal_ice_cave_entry_pillars_1,
          serial_shops, nicolae_shop_behind_doors, bh_walls_and_bars
D:7:      layout_basic, okawaru_ov_weapons_minmay, grunt_vaults_entry_tiered,
          hangedman_abyss_or_decor_passed, minivault_26
D:8:      gammafunk_enter_depths_forms, layout_long_grid,
          nicolae_dithmenos_shadow_blocks, gauntlet_entry_generic
Temple:   eino_narrow_crystal_temple

Skill      XL: |  1  2  3  4  5  6  7  8  9 10 11 12 13 |
---------------+----------------------------------------+-----
Unarmed Combat | 2 3 4 5 7 8 9 10 | 10.5
Fighting       | 2 3 4 5 7 9 11 | 11.6
Dodging        | 4 8 10 | 10.2
Shields        | 3 5 7 11 | 11.2
Invocations    | 6 10 | 10.0
Stealth        | |  1.4
Spellcasting   | |  1.3
Fire Magic     | |  1.6

Action                   |  1- 3 |  4- 6 |  7- 9 | 10-12 | 13-15 || total
-------------------------+-------+-------+-------+-------+-------++-------
Melee: Unarmed           |    50 |   156 |   700 |   968 |   351 ||  2225
       Peck              |     1 |    14 |    58 |   193 |    93 ||   359
       Tailslap          |       |     5 |    34 |   144 |    77 ||   260
       Kick              |       |       |       |    85 |   188 ||   273
Invok: Choose Bahamut's  |       |       |       |     1 |       ||     1
       Choose Bahamut's  |       |       |       |     1 |       ||     1
       Enhanced Breath   |       |       |       |     5 |     1 ||     6
       Choose Bahamut's  |       |       |       |     1 |       ||     1
       Drake Mount       |       |       |       |     1 |       ||     1
 Abil: Breathe Dart      |     5 |     4 |       |       |       ||     9
       Breathe Noxious F |       |       |     4 |    19 |     9 ||    32
Evoke: Wand              |       |       |       |     8 |       ||     8
       Phantom mirror    |       |       |       |     1 |       ||     1
  Use: Potion            |       |     1 |    11 |     7 |     2 ||    21
       Scroll            |       |       |     2 |     6 |     4 ||    12
 Stab: Sleeping          |     1 |     3 |    19 |    26 |    10 ||    59
       Confused          |       |       |     4 |    40 |    16 ||    60
       Distracted        |       |       |       |     2 |       ||     2
  Eat: Chunk             |       |     2 |     9 |    19 |     3 ||    33
       Ration            |       |       |     1 |     2 |     2 ||     5
Armor: Skin              |     7 |    17 |    94 |   121 |    22 ||   261
Dodge: Dodged            |     5 |    11 |    86 |    79 |    32 ||   213
Block: Heater shield     |       |       |       |   381 |   156 ||   537
       Other             |       |       |       |     1 |       ||     1
